 Dungeon Crawl Stone Soup version 0.32-a0-643-ga006e7742e (webtiles) character file.

Game seed: 6741583199263647970

280 BubbleThief the Cudgeller (level 6, -2/56 HPs)
             Began as a Mountain Dwarf Cinder Acolyte on Mar 7, 2024.
             Was a High Priest of Ignis.
             Slain by an ice beast (6 damage)
             ... on level 5 of the Dungeon.
             The game lasted 00:04:28 (3795 turns).

BubbleThief the Cudgeller (MDCA)                    Turns: 3795, Time: 00:04:29

Health: -2/56      AC:  6    Str: 19    XL:     6   Next: 5%
Magic:  0/7        EV:  9    Int: 14    God:    Ignis [*****.]
Gold:   261        SH:  3    Dex:  5    Spells: 5/7 levels left

rFire   + . .        a - -1 mace (flame)
rCold   . . .        r - +0 buckler
rNeg    . . .        g - +0 scale mail
rPois   .            (no helmet)
rElec   .            (no cloak)
rCorr   .            (no gloves)
SInv    .            (no boots)
Will    .....        (no amulet) Stlth
                     (no ring)
HPRegen 0.29/turn    (no ring)
MPRegen 0.10/turn

%: no passive effects
@: no status effects
A: runic magic, artefact enchanting
a: Renounce Religion, Fiery Armour, Foxfire Swarm, Rising Flame


You were on level 5 of the Dungeon.
You worshipped Ignis.
Ignis was extremely pleased with you.
You visited 1 branch of the dungeon, and saw 5 of its levels.

You collected 261 gold pieces.

Inventory:

Hand Weapons
 a - a -1 mace of flaming (weapon)
Armour
 g - a +0 scale mail (worn)
 r - a +0 buckler (worn)
Wands
 m - a wand of quicksilver (8)
 w - a wand of digging (3)
Scrolls
 b - a scroll of silence {unknown}
 c - a scroll of enchant weapon {unknown}
 f - a scroll of poison {unknown}
 i - 3 scrolls of teleportation {unknown}
 j - 2 scrolls of blinking {unknown}
 k - 7 scrolls of identify {unknown}
 l - a scroll of amnesia {unknown}
 o - a scroll of summoning {unknown}
 v - a scroll of brand weapon {unknown}
 x - a scroll of immolation {unknown}
Potions
 d - a potion of lignification {unknown}
 h - a potion of heal wounds {unknown}
 n - a potion of ambrosia {unknown}
 p - a potion of berserk rage {unknown}
 q - 2 potions of brilliance {unknown}
 s - a potion of attraction {unknown}
 t - a potion of magic {unknown}
 u - a potion of curing {unknown}


   Skills:
 + Level 5.1 Fighting
 * Level 7.0 Maces & Flails
 - Level 1.0 Spellcasting
 - Level 3.6 Fire Magic


You had 5 spell levels left.
You knew the following spells:

 Your Spells              Type           Power      Damage    Failure   Level
a - Scorch                Fire           20%        2d5       16%         2

Your spell library contained the following spells:

 Spells                   Type           Power      Damage    Failure   Level
 Freeze                   Ice            0%         1d3       41%         1
 Cigotuvi's Dreadful Rot  Necr/Alch/Air  0%         N/A       56%         2
 Lesser Beckoning         Tloc           0%         N/A       56%         2
 Frozen Ramparts          Ice            0%         1d1       80%         3
 Gell's Gravitas          Tloc           0%         N/A       80%         3
 Hailstorm                Conj/Ice       0%         3d5       80%         3
 Teleport Other           Tloc           0%         N/A       80%         3
 Flame Wave               Conj/Fire      5%         2d5       91%         4
 Ignite Poison            Fire/Alch      5%         N/A       91%         4
 Vhi's Electric Charge    Tloc/Air       0%         N/A       99%         4
 Arcjolt                  Conj/Air       0%         1d10      100%        5
 Freezing Cloud           Conj/Ice/Air   0%         6-21      100%        5
 Summon Cactus Giant      Summ           0%         N/A       100%        6
 Maxwell's Capacitive Co  Air            0%         ∞         100%        8


Dungeon Overview and Level Annotations

Branches:
Dungeon (5/15)
 Temple: D:4-7

Altars:


Innate Abilities, Weirdness & Mutations

Your spellcasting is much less encumbered by armour.
You can use scrolls of enchantment on lesser artefacts.


Message History

You throw a throwing net.
The throwing net closely misses the ice beast.
The ice beast hits you. The ice beast freezes you!
You hit the ice beast but do no damage. The ice beast hits you.
The ice beast freezes you!
* * * LOW HITPOINT WARNING * * *
Casting: Scorch (safe; 16% risk of failure)
Confirm with . or Enter, or press ? or * to list all spells.
Flames lash the ice beast.
The ice beast melts!
The ice beast is moderately wounded.
The ice beast's fire resistance burns away.
The ice beast hits you but does no damage.
Unknown command.
You closely miss the ice beast.
The ice beast is moderately wounded.
The ice beast hits you but does no damage.
Your magical contamination has completely faded away.
You hit the ice beast.
You melt the ice beast.
The ice beast is heavily wounded.
The ice beast barely misses you.
You hit the ice beast but do no damage.
The ice beast is heavily wounded.
You block the ice beast's attack.
You barely miss the ice beast.
The ice beast is heavily wounded.
The ice beast is no longer more vulnerable to fire.
The ice beast hits you.
* * * LOW HITPOINT WARNING * * *
The ice beast freezes you.
* * * LOW HITPOINT WARNING * * *
You hit the ice beast.
You melt the ice beast.
The ice beast is severely wounded.
The ice beast hits you but does no damage.
You hit the ice beast.
You melt the ice beast.
The ice beast is almost dead.
The ice beast hits you.
* * * LOW HITPOINT WARNING * * *
The ice beast freezes you.
You die...
Ignis goes out, and joins you in death.

.P♣♣♣P.~~.........
.......(..##......
#.........# ......
#.......## ..... ##..>#..#
..... #####..# .... #.##
.... #Y# #@# ##.#####
##......## ##........##
##..........##
#............##
############..>..........#
.................>........
.##########...............


You could see an ice beast.

Vanquished Creatures
  2 scorpions
  A hound (D:5)
  6 adders
  A ribbon worm (D:4)
  A dart slug (D:4)
  2 orcs
  4 endoplasms
  A giant cockroach (D:4)
  9 goblins
  A hobgoblin (D:4)
  5 jackals
  3 quokkas
  11 ball pythons
  5 bats
  4 frilled lizards
  9 kobolds
  9 rats
74 creatures vanquished.

Notes
Turn   | Place    | Note
-------+----------+-------------------------------------------
     0 | D:1      | BubbleThief the Mountain Dwarf Cinder Acolyte began the
                  | quest for the Orb.
     0 | D:1      | Reached XP level 1. HP: 19/19 MP: 2/2
   255 | D:1      | Reached skill level 4 in Maces & Flails
   315 | D:1      | Reached XP level 2. HP: 22/26 MP: 3/3
   497 | D:1      | Learned a level 2 spell: Scorch
  1188 | D:2      | Noticed a scorpion
  1280 | D:2      | Reached XP level 3. HP: 31/33 MP: 1/4
  1502 | D:2      | Killed a scorpion
  1503 | D:2      | Reached skill level 5 in Maces & Flails
  1503 | D:2      | Reached XP level 4. HP: 23/40 MP: 0/5
  2240 | D:3      | Reached skill level 6 in Maces & Flails
  2326 | D:3      | Reached XP level 5. HP: 47/47 MP: 6/6
  3643 | D:5      | Entered Level 5 of the Dungeon
  3730 | D:5      | Reached skill level 5 in Fighting
  3769 | D:5      | Noticed an ice beast
  3786 | D:5      | Reached skill level 7 in Maces & Flails
  3786 | D:5      | Reached XP level 6. HP: 42/56 MP: 1/7
  3795 | D:5      | Slain by an ice beast

Illustrated notes

Levels and vault maps discovered:
D:1:      dpeg_arrival_rhombi, layout_rooms, minmay_misc_feat_iff, hex_large,
          serial_bayou_crossing
D:2:      layout_loops_ring
D:3:      layout_basic, kennysheep_generic_room_13
D:4:      layout_loops_ring, kennysheep_potato
D:5:      layout_cave_pods, nicolae_elyvilon_peaceful_grove,
          minmay_temple_entry_hall

Skill      XL: |  1  2  3  4  5 |
---------------+----------------+-----
Maces & Flails | 4 5 6 7 |  7.0
Fighting       | 4 5 |  5.1
Spellcasting   | |  1.0
Fire Magic     | |  3.6

Action                     |  1- 3 |  4- 6 || total
---------------------------+-------+-------++-------
  Melee: Mace              |   114 |   107 ||   221
  Throw: Throwing net      |     2 |     2 ||     4
   Cast: Scorch            |     3 |    16 ||    19
 Armour: Robe              |    40 |       ||    40
         Scale mail        |    58 |   104 ||   162
  Dodge: Dodged            |    54 |    47 ||   101
  Block: Buckler           |       |     6 ||     6

Table legend: (Time is in decaauts)
 A = Elapsed time spent in this place.
 B = Non-inter-level travel time spent in this place.
 C = Inter-level travel time spent in this place.
 D = Time resting spent in this place.
 E = Time spent auto-exploring this place.
 F = Levels seen in this place.
 G = Mean time per level.
                   A        B        C        D        E       F      G
               +--------+--------+--------+--------+--------+-----+--------+
         Total |   3840 |   3702 |    138 |      0 |   3100 |   5 |  768.0 |
       Dungeon |   3840 |   3702 |    138 |      0 |   3100 |   5 |  768.0 |
               +--------+--------+--------+--------+--------+-----+--------+

Top non-repeatable levels by time:
     D:4: 1033 daAuts
     D:2: 939 daAuts
     D:1: 878 daAuts
     D:3: 836 daAuts
     D:5: 152 daAuts
